 Dungeon Crawl Stone Soup version 0.28-a0-998-gb9e9c7b67e (webtiles) character file.

Game seed: 17721627075284921100

82 ytrimaz the Insei (level 4, 0/28 HPs)
             Began as an Octopode Transmuter on Dec 5, 2021.
             Slain by an orc wizard (4 damage)
             ... on level 3 of the Dungeon.
             The game lasted 00:03:05 (3280 turns).

ytrimaz the Insei (Octopode Transmuter)             Turns: 3280, Time: 00:03:06

Health: 0/28       AC:  1    Str:  9    XL:     4   Next: 43%
Magic:  5/7        EV: 13    Int: 17    God:
Gold:   67         SH:  0    Dex: 12    Spells: 4/8 levels left

rFire   . . .      SeeInvis .     - Unarmed
rCold   . . .      Faith    .   (no shield)
rNeg    . . .      Spirit   .   (helmet restricted)
rPois   .          Reflect  .   (no amulet)
rElec   .          Harm     .   (no ring)
rCorr   .          Rampage  .   (no ring)
Will    .....                   (no ring)
Stlth   ++........              (no ring)
HPRegen 0.09/turn               (no ring)
MPRegen 0.10/turn               (no ring)
                                (no ring)
                                (no ring)

@: confused, invisible
A: almost no armour, amphibious, 8 rings, camouflage 1, gelatinous body 1,
(nimble swimmer 1), tentacles
a: no special abilities


You were on level 3 of the Dungeon.
You visited 1 branch of the dungeon, and saw 3 of its levels.

You collected 87 gold pieces.
You spent 20 gold pieces at shops.

Inventory:

Scrolls
 e - a scroll of identify
Potions
 a - a potion of invisibility
 b - a potion of lignification {unknown}
 c - 2 potions of magic
 d - a potion of heal wounds {unknown}
 f - a potion of brilliance {unknown}


   Skills:
 * Level 1.5 Fighting
 + Level 2.3 Dodging
 * Level 4.0 Unarmed Combat
 * Level 2.6 Spellcasting
 * Level 2.5 Transmutations


You had 4 spell levels left.
You knew the following spells:

 Your Spells              Type           Power      Damage    Failure   Level
a - Beastly Appendage     Tmut           20%        N/A       7%          1
b - Spider Form           Tmut/Pois      6%         N/A       32%         3

Your spell library contained the following spells:

 Spells                   Type           Power      Damage    Failure   Level
 Wereblood                Tmut           10%        N/A       10%         2
 Ice Form                 Ice/Tmut       6%         N/A       73%         4


Dungeon Overview and Level Annotations

Branches:
Dungeon (3/15)

Altars:

Shops:
D:2 *


Innate Abilities, Weirdness & Mutations

You cannot wear most types of armour.
You are amphibious.
You can wear up to eight rings at the same time.
Your skin changes colour to match your surroundings (Stealth+).
Your rubbery body absorbs attacks. (AC +1, EV +1)
((You are camouflaged near water. (Stealth+)))
You have tentacles for arms and can constrict up to eight enemies at once.


Message History

The frilled lizard bites you.
Unknown command.
You bite the orc!
You kill the orc!
You hear a splash.
The frilled lizard completely misses you.
You hit the frilled lizard.
You kill the frilled lizard!
The orc wizard closely misses you.
You hit the orc wizard.
The orc wizard is poisoned.
The orc wizard is moderately wounded.
The orc wizard mumbles some strange words.
The orc wizard flickers and vanishes!
Deactivating autopickup; reactivate with Ctrl-A.
Unknown command.
You barely miss something. The orc wizard closely misses you.
A worm comes into view.
You hit the orc wizard but do no damage.
Something hits you. The orc wizard hits you with a +0 mace.
Unknown command.
You barely miss the orc wizard.
You hear some strange, mumbled words.
You are confused.
The orc wizard hits you with a +0 mace.
You're too confused to move!
You hear a splashing noise.
The orc wizard gestures at you while chanting.
The magic dart hits you. The goblin hits you with a +0 dagger.
You barely miss the orc wizard.
You hear a splashing noise.
The orc wizard hits you with a +0 mace.
* * * LOW HITPOINT WARNING * * *
The goblin hits you with a +0 dagger.
* * * LOW HITPOINT WARNING * * *
Unknown command.
Unknown command.
It was a potion of invisibility.
You fade into invisibility!
Your transformation has ended.
Something hits you.
You die...

#≈≈# #.....###.... #.≈# #.
##.#... .. #.≈# #.# ###...
#≈≈## #.##...w.. #.≈≈#
#......... #.#≈#
##.≈≈≈.≈≈≈. #.#≈#######
#≈≈.≈..≈.#
##.####....###..o{≈.≈≈## .
...........##..#@≈≈≈≈..#.#
#+#######..'..≈.)g≈.≈≈....
........#..##.≈≈≈.÷≈≈≈##.#
........#..##.≈.≈≈..♣....#
........#####.###≈.≈≈≈...#
.⌠......#####.≈.≈≈.≈.≈.≈.#
........#.......≈≈..≈.≈#.#
........#.#####.##..####.#
.⌠..⌠...'.# #....÷.....#


You could see a worm, an orc wizard and a goblin.

Vanquished Creatures
  A hound skeleton (D:3)
  A gnoll (D:1)
  A dart slug (D:2)
  3 orcs (D:3)
  3 ball pythons
  6 bats
  4 endoplasms
  A giant cockroach (D:1)
  7 goblins
  6 hobgoblins
  2 jackals (D:1)
  3 quokkas
  5 frilled lizards
  2 kobolds (D:1)
  5 rats (D:1)
50 creatures vanquished.

Notes
Turn   | Place    | Note
-------+----------+-------------------------------------------
     0 | D:1      | ytrimaz the Octopode Transmuter began the quest for the
                  | Orb.
     0 | D:1      | Reached XP level 1. HP: 13/13 MP: 3/3
   212 | D:1      | Found a faded altar of an unknown god.
   406 | D:1      | Reached XP level 2. HP: 15/18 MP: 5/5
  1095 | D:1      | Reached XP level 3. HP: 15/23 MP: 4/6
  2021 | D:2      | Found Diad's Assorted Antiques.
  2026 | D:2      | Bought a silvery potion for 20 gold pieces
  2519 | D:3      | Learned a level 3 spell: Spider Form
  2921 | D:3      | Reached XP level 4. HP: 28/28 MP: 5/7
  3014 | D:3      | Reached skill level 4 in Unarmed Combat
  3280 | D:3      | Slain by an orc wizard

Illustrated notes

Levels and vault maps discovered:
D:1:      dpeg_arrival_three_bigger_balls, layout_basic,
          shapermc_ecumenical_altar_venn, corexii_hall_statues_u,
          minmay_heptomino_w4
D:2:      layout_loops_ring, serial_shops, nicolae_shop_stone, chequers_garden,
          ebering_dispersal_statue_hall
D:3:      layout_basic, serial_rivers, chequers_serial_rivers_small_a,
          chequers_serial_rivers_marsh, chequers_serial_rivers_marsh,
          chequers_serial_rivers_micro_c, chequers_serial_rivers_large_b,
          chequers_serial_rivers_room_a, kennysheep_generic_room_2

Skill      XL: |  1  2  3  4 |
---------------+-------------+-----
Unarmed Combat | 4 |  4.0
Fighting       | |  1.5
Dodging        | |  2.3
Spellcasting   | |  2.6
Transmutations | |  2.5

Action                   |  1- 3 |  4- 6 || total
-------------------------+-------+-------++-------
Melee: Unarmed           |    89 |    28 ||   117
       Constrict         |    23 |     4 ||    27
       Tentacles         |     7 |     5 ||    12
       Punch             |     4 |       ||     4
       Kick              |     6 |     1 ||     7
 Cast: Beastly Appendage |    17 |     3 ||    20
       Spider Form       |       |     1 ||     1
  Use: Scroll            |     3 |       ||     3
       Potion            |       |     1 ||     1
 Stab: Sleeping          |     8 |     1 ||     9
Armor: Skin              |     7 |     4 ||    11
Dodge: Dodged            |    52 |    28 ||    80

Table legend: (Time is in decaauts)
 A = Elapsed time spent in this place.
 B = Non-inter-level travel time spent in this place.
 C = Inter-level travel time spent in this place.
 D = Time resting spent in this place.
 E = Time spent auto-exploring this place.
 F = Levels seen in this place.
 G = Mean time per level.
                   A        B        C        D        E       F      G
               +--------+--------+--------+--------+--------+-----+--------+
         Total |   3272 |   3219 |     53 |    245 |   2522 |   3 | 1090.7 |
       Dungeon |   3272 |   3219 |     53 |    245 |   2522 |   3 | 1090.7 |
               +--------+--------+--------+--------+--------+-----+--------+

Top non-repeatable levels by time:
     D:1: 1709 daAuts
     D:2: 788 daAuts
     D:3: 774 daAuts
